 Dungeon Crawl Stone Soup version 0.22-a0-443-g17c3723 (webtiles) character file.

71566 xccam the Quickloader (level 14, -10/115 HPs)
             Began as a Demonspawn Monk on June 1, 2018.
             Was an Initiate of Gozag.
             Killed from afar by a thorn hunter (15 damage)
             ... with a volley of thorns
             ... on level 1 of the Swamp.
             The game lasted 01:14:37 (29856 turns).

xccam the Quickloader (Demonspawn Monk)            Turns: 29856, Time: 01:14:38

Health: -10/115    AC: 26    Str: 21    XL:     14   Next: 98%
Magic:  0/14       EV: 13    Int: 13    God:    Gozag
Gold:   773        SH: 14    Dex: 24    Spells: 13/13 levels left

rFire    + + +     SeeInvis .   x - +1 whip (freeze)
rCold    + . .     Gourm    .   E - +0 shield of the Pleiades {rElec}
rNeg     . . .     Faith    .   y - +4 chain mail {rC+}
rPois    .         Spirit   +   m - +0 helmet
rElec    +         Reflect  +   Y - +2 cloak
rCorr    .         Harm     .   g - +0 pair of gloves
MR       ++...                  e - +0 pair of boots
Stlth    ..........             f - +3 amulet of reflection
HPRegen  0.29/turn              Z - ring "Sihe" {*Contam rF+++ Str-3 Slay+5 Stlth-}
MPRegen  0.28/turn              C - ring of Zidd {MR+ Str+10 Dex+7 Stlth-}

@: very slightly contaminated
A: claws 2, icy blue scales 2, demonic guardian 2, magic shield, magic
regeneration, magic link
a: Potion Petition, Call Merchant, Bribe Branch, Renounce Religion


You were on level 1 of the Swamp.
You worshipped Gozag.
Gozag was pleased with you.
You were not hungry.

You visited 4 branches of the dungeon, and saw 23 of its levels.
You also visited: Labyrinth.

You collected 8227 gold pieces.
You spent 7454 gold pieces at shops.

Inventory:

Hand Weapons
 p - a +2 hand crossbow of flaming
 x - a +1 whip of freezing (weapon)
 D - a +6 triple crossbow of velocity
Missiles
 F - 98 bolts
Armour
 e - a +0 pair of boots (worn)
 g - a +0 pair of gloves (worn)
 l - a +0 buckler
 m - a +0 helmet (worn)
 y - a +4 chain mail of cold resistance (worn)
 E - the +0 shield of the Pleiades (worn) {rElec}
   (You acquired it on level 3 of the Lair of Beasts)

   It insulates you from electricity.
 Y - a +2 cloak (worn)
Jewellery
 f - a +3 amulet of reflection (around neck)
 r - an uncursed ring of protection from cold
 u - an uncursed ring of see invisible
 C - the ring of Zidd (right hand) {MR+ Str+10 Dex+7 Stlth-}
   (You acquired it on level 7 of the Dungeon)

   [ring of protection from magic]

   It affects your strength (+10).
   It affects your dexterity (+7).
   It affects your resistance to hostile enchantments.
   It makes you less stealthy.
 M - an uncursed ring of protection from magic
 S - the ring "Sadias" {Int+3 Dex+5}
   (You found it on level 3 of the Lair of Beasts)

   [ring of dexterity]

   It affects your intelligence (+3).
   It affects your dexterity (+5).
 V - an uncursed ring of positive energy
 Z - the ring "Sihe" (left hand) {*Contam rF+++ Str-3 Slay+5 Stlth-}
   (You bought it in a shop on level 3 of the Dungeon)

   [ring of loudness]

   It affects your strength (-3).
   It affects your accuracy and damage with ranged weapons and melee attacks
   (+5).
   It renders you almost immune to fire.
   It causes magical contamination when unequipped.
   It makes you less stealthy.
Wands
 h - a wand of iceblast (11)
 w - a wand of digging (35)
 B - a wand of flame (68)
 G - a wand of polymorph (13)
 O - a wand of random effects (25)
 W - a wand of acid (2)
 X - a wand of paralysis (25)
Scrolls
 a - 15 scrolls of teleportation
 i - 8 scrolls of remove curse
 j - 5 scrolls of fog
 k - 6 scrolls of enchant weapon
 t - a scroll of immolation
 v - 4 scrolls of amnesia
 z - a scroll of silence
 H - 3 scrolls of magic mapping
 T - a scroll of brand weapon {unknown}
 U - 2 scrolls of fear
Potions
 b - a potion of ambrosia
 d - 14 potions of curing
 n - 2 potions of resistance
 o - 6 potions of lignification
 q - a potion of brilliance {unknown}
 s - 5 potions of heal wounds
 A - 2 potions of magic
 J - 2 potions of haste
 K - 3 potions of cancellation
 L - a potion of mutation {unknown}
 P - 3 potions of flight
 Q - a potion of invisibility {unknown}
 R - a potion of agility {unknown}
Comestibles
 c - 17 rations


   Skills:
 - Level 12.0 Fighting
 - Level 9.6 Maces & Flails
 + Level 14.3 Crossbows
 - Level 9.8 Armour
 - Level 9.5 Dodging
 - Level 1.7 Stealth
 - Level 5.1 Shields


You had 13 spell levels left.
You didn't know any spells.
Your spell library contained the following spells:

 Spells                   Type           Power        Failure   Level  Hunger
 Magic Dart               Conj           #...         100%        1    ##.....
 Fireball                 Conj/Fire      #.........   100%        5    ######.
 Conjure Flame            Conj/Fire      #.......     100%        3    ####...
 Lightning Bolt           Conj/Air       #.........   100%        5    ######.
 Confuse                  Hex            #.......     100%        3    ####...
 Throw Flame              Conj/Fire      #.....       100%        2    ###....
 Throw Frost              Conj/Ice       #.....       100%        2    ###....
 Teleport Other           Tloc           #.......     100%        3    ####...
 Summon Small Mammal      Summ           #...         100%        1    ##.....
 Blink                    Tloc           N/A          100%        2    ###....
 Iskenderun's Mystic Bla  Conj           #.......     100%        4    #####..
 Freeze                   Ice            #...         100%        1    ##.....
 Summon Ice Beast         Ice/Summ       #.......     100%        4    #####..
 Ozocubu's Armour         Chrm/Ice       #.......     100%        3    ####...
 Call Imp                 Summ           #.......     100%        2    ###....
 Regeneration             Chrm/Necr      #.........   100%        3    ####...
 Sublimation of Blood     Necr           #.........   100%        2    ###....
 Tukima's Dance           Hex            #.......     100%        3    ####...
 Shock                    Conj/Air       #...         100%        1    ##.....
 Swiftness                Chrm/Air       #.......     100%        2    ###....
 Throw Icicle             Conj/Ice       #.......     100%        4    #####..
 Airstrike                Air            #.........   100%        4    #####..
 Flame Tongue             Conj/Fire      #....        100%        1    ##.....
 Ignite Poison            Fire/Tmut/Pois #.......     100%        3    ####...
 Call Canine Familiar     Summ           #.......     100%        3    ####...
 Ensorcelled Hibernation  Hex/Ice        #.....       100%        2    ###....
 Static Discharge         Conj/Air       #.......     100%        3    ####...
 Corona                   Hex            #......      100%        1    ##.....
 Alistair's Intoxication  Tmut/Pois      #.......     100%        5    ######.
 Petrify                  Tmut/Erth      #.......     100%        4    #####..
 Passage of Golubria      Tloc           N/A          100%        4    #####..
 Shroud of Golubria       Chrm/Tloc      #.........   100%        2    ###....
 Fulminant Prism          Conj/Hex       #.........   100%        4    #####..
 Dazzling Spray           Conj/Hex       #.....       100%        3    ####...
 Force Lance              Conj/Tloc      #.......     100%        4    #####..
 Infusion                 Chrm           #...         100%        1    ##.....
 Song of Slaying          Chrm           #.......     100%        2    ###....
 Spectral Weapon          Hex/Chrm       #.......     100%        3    ####...
 Searing Ray              Conj           #.....       100%        2    ###....
 Summon Lightning Spire   Summ/Air       #.......     100%        4    #####..
 Summon Guardian Golem    Hex/Summ       #.......     100%        3    ####...
 Spellforged Servitor     Conj/Summ      #.........   100%        7    #######
 Irradiate                Conj/Tmut      #.........   100%        5    ######.
 Gell's Gravitas          Tloc           #.........   100%        3    ####...
 Lesser Beckoning         Tloc           #.........   100%        3    ####...


Dungeon Overview and Level Annotations

Branches:
Dungeon (14/15)            Temple (0/1) D:5            Lair (6/6) D:8
  Swamp (1/4) Lair:2        Snake (0/4) Lair:2        Slime (0/5) Lair:5
    Orc (2/2) D:12            Elf (0/3) Orc:2        Vaults (0/5) D:13

Altars:
Dithmenos
Gozag
Hepliaklqana
Qazlal
Sif Muna
Uskayaw
Vehumet
Xom
Yredelemnul
Zin
Beogh
Jiyva

Shops:
D:3 *   D:7 ?(   Orc:1 (   Orc:2 !((

Annotations:
Swamp:1 exclusion: Roxanne, Roxanne


Innate Abilities, Weirdness & Mutations

You have very sharp fingernails.
You are mostly covered in icy blue scales. (AC +3)
A demonic guardian rushes to your aid.
When hurt, damage is shared between your health and your magic reserves.
You regenerate magic rapidly.
When low on magic, you restore magic in place of health.


Message History

The volley of thorns hits you! The thorn hunter closely misses you.
The thorn hunter hits you but does no damage.
Unknown command.
You completely miss Roxanne.
Roxanne is moderately damaged.
Your smoke demon gestures at Roxanne.
The ball of steam hits Roxanne.
Roxanne resists.
Roxanne casts a spell.
The crystal spear hits you!
Ouch! That really hurt!
* * * LOW HITPOINT WARNING * * *
Okay, then.
Blink to where?
Press: ? - help, Dir - move target cursor, p - Roxanne You are very lightly contaminated with residual magic.
As you read the scroll of blinking, it crumbles to dust.
The thorn hunter fires a volley of thorns at you.
The volley of thorns hits you!
You die...
Your body crumbles into a pile of gold.

♣♣.≈..≈≈♣ ♣$≈...§§♣ ♣♣.♣≈38.♣♣
♣....f.♣♣♣ ♣♣♣♣ ♣♣..^≈≈..♣♣
♣♣.≈♣♣ ♣.≈..≈≈≈.≈♣♣♣....♣♣
♣♣♣♣♣≈♣.≈≈≈≈..≈♣.≈≈≈.♣
♣♣.♣♣♣♣♣..≈≈≈....≈≈≈≈.♣♣ ♣♣..≈♣
♣♣.@≈≈.≈≈≈≈.....♣ ♣♣≈...♣♣
♣♣≈≈≈.$$).≈♣≈?.≈♣ !≈♣
♣≈.....♣♣♣♣≈≈≈≈..♣♣♣♣≈≈....♣
...♣♣≈.≈≈.(≈.<.(≈≈≈..♣ ..≈≈≈≈.
≈≈≈.♣..≈≈..≈≈≈≈♣...(≈♣♣♣ ≈.≈≈≈≈.
≈≈≈.♣≈(≈≈≈≈≈≈≈.........♣♣..§≈≈≈≈
≈..≈♣≈..≈≈≈≈≈.♣............≈≈≈≈.
♣♣≈♣♣.≈.≈≈≈.≈♣♣♣...)≈≈.....≈≈...
§.....≈≈≈.♣♣♣♣♣♣.≈≈≈≈..≈≈..≈≈%≈≈


You could see Roxanne, a thorn hunter and a friendly smoke demon.

Vanquished Creatures
  Snorg (D:10)
  An ettin (Orc:1)
  2 hydras
  3 centaur warriors (D:14)
  An alligator (Swamp:1)
  A two-headed ogre (D:14)
  3 death yaks (Lair:6)
  2 orc high priests (Orc:2)
  A deep troll shaman (Lair:6)
  A tengu warrior (D:14)
  Sonja (Lair:3)
  3 skeletal warriors
  2 unseen horrors
  Pikel (D:5)
  A lindwurm (Lair:4)
  2 orc sorcerers (Orc:2)
  2 manticores (D:14)
  A manticore (shapeshifter) (D:14)
  3 ugly things
  3 cyclopes
  2 elephants
  2 black mambas (Lair:6)
  2 gargoyles
  7 spiny frogs
  2 yaktaurs (D:13)
  3 komodo dragons
  A rime drake (Lair:5)
  An efreet (D:14)
  2 kobold demonologists
  A meliai (D:14)
  5 trolls
  A polar bear (Lair:3)
  2 tyrant leeches (Swamp:1)
  7 blink frogs
  5 slime creatures (D:13)
  11 hippogriffs
  A bog body (Swamp:1)
  A shadow (D:14)
  13 yaks
  A basilisk (Lab)
  3 wyverns
  The ghost of cultivahabas the Cudgeler, an amateur DsMo (D:4)
  A hungry ghost (D:8)
  2 vampire mosquitoes (D:14)
  2 wargs (Orc:2)
  A swamp worm (Swamp:1)
  20 water moccasins
  5 porcupines
  2 necrophages
  2 ice beasts (D:11)
  33 orc warriors
  6 sky beasts
  5 phantoms
  A swamp drake (Swamp:1)
  5 black bears
  10 wolves
  An eye of draining (D:12)
  12 ogres
  8 centaurs
  11 crocodiles
  4 big kobolds
  17 bullfrogs
  A wyvern zombie (D:9)
  An earth elemental (Lab)
  2 wyvern skeletons (D:10)
  2 scorpions
  4 wights
  6 killer bees
  An electric eel (D:10)
  2 howler monkeys (D:4)
  11 crimson imps
  5 centaur zombies
  A quasit (D:10)
  8 hounds
  2 jellies
  10 orc priests
  7 bullfrog skeletons
  A centaur skeleton (D:10)
  2 gnoll shamans
  3 iguanas
  9 worker ants
  22 orc wizards
  A hound zombie (D:8)
  A hound skeleton (D:10)
  2 worker ant zombies
  Robin (D:2)
  18 adders
  24 gnolls
  4 river rats (D:5)
  3 shadow imps
  2 oozes
  3 adder skeletons
  2 worms (D:3)
  2 dart slugs
  4 leopard geckos
  72 orcs
  11 bats
  5 giant cockroaches
  11 goblins
  11 hobgoblins
  7 jackals
  15 kobolds
  9 quokkas
  3 ball pythons
  5 frilled lizards
  10 rats
  A spectral orc (D:2)
  A fungus (D:8)
  A plant (D:5)
586 creatures vanquished.

Vanquished Creatures (collateral kills)
  Saint Roka (Orc:2)
  A minotaur (Lab)
  A dire elephant (Lair:6)
  A yaktaur captain (D:13)
  A catoblepas (Lair:6)
  5 hydras
  A centaur warrior (D:12)
  5 two-headed ogres
  5 death yaks (Lair:6)
  An orc high priest (Orc:2)
  Nergalle (Lair:2)
  5 skeletal warriors
  An unseen horror (D:10)
  An orc knight (Orc:2)
  A manticore (D:11)
  8 elephants
  A black mamba (Lair:6)
  3 spiny frogs (Lair:6)
  3 komodo dragons
  2 ice devils (Lair:2)
  2 trolls
  2 kobold demonologists (D:12)
  2 hornets (D:11)
  Grinder (D:5)
  4 hippogriffs
  A slime creature (D:13)
  6 blink frogs
  15 yaks
  Grum (D:8)
  A basilisk (Lair:6)
  2 vampire mosquitoes (D:14)
  A water moccasin (Lair:6)
  3 porcupines
  9 orc warriors
  A phantom (D:5)
  A black bear (Lair:3)
  3 ogres
  4 wolves
  2 crocodiles
  2 big kobolds (D:12)
  2 bullfrogs (D:7)
  A water moccasin skeleton (D:8)
  4 wights (D:7)
  A crimson imp (D:6)
  A hound (D:6)
  2 jellies
  3 orc priests
  A bullfrog zombie (D:5)
  5 orc wizards
  A bullfrog skeleton (D:5)
  2 worker ants (D:5)
  An adder (D:11)
  2 gnolls (D:5)
  A shadow imp (D:12)
  20 orcs
  A quokka (D:11)
  4 plants
163 creatures vanquished.

Vanquished Creatures (others)
  2 centaurs
  An orc priest (Orc:2)
  An orc (Orc:2)
  16 fungi
  12 plants
32 creatures vanquished.

Grand Total: 781 creatures vanquished

Notes
Turn   | Place    | Note
-------+----------+-------------------------------------------
     0 | D:1      | xccam the Demonspawn Monk began the quest for the Orb.
     0 | D:1      | Reached XP level 1. HP: 18/18 MP: 1/1
   193 | D:1      | Gained mutation: When hurt, damage is shared between your health and your magic reserves. [demonic ancestry]
   193 | D:1      | Reached XP level 2. HP: 16/24 MP: 2/2
   886 | D:2      | Gained mutation: You regenerate magic rapidly. [demonic ancestry]
   886 | D:2      | Reached XP level 3. HP: 24/29 MP: 3/3
  1224 | D:2      | Noticed Robin
  1238 | D:2      | Reached XP level 4. HP: 35/35 MP: 4/4
  1276 | D:2      | Killed Robin
  1614 | D:2      | Found a basalt altar of Yredelemnul.
  1908 | D:3      | Reached skill level 5 in Maces & Flails
  1912 | D:3      | Gained mutation: You are partially covered in icy blue scales. (AC +2) [demonic ancestry]
  1912 | D:3      | Reached XP level 5. HP: 30/41 MP: 3/5
  2155 | D:3      | Found an opulent altar of Gozag.
  2165 | D:3      | Found Gozag's Platinum Reserve.
  2292 | D:3      | Became a worshipper of Gozag Ym Sagoz the Greedy
  2699 | D:4      | Reached XP level 6. HP: 20/48 MP: 3/6
  3001 | D:4      | Noticed cultivahabas's ghost (amateur DsMo)
  3039 | D:4      | Killed cultivahabas's ghost
  3252 | D:4      | Reached skill level 5 in Fighting
  3252 | D:4      | Gained mutation: A weak demonic guardian rushes to your aid. [demonic ancestry]
  3252 | D:4      | Reached XP level 7. HP: 34/56 MP: 4/7
  3752 | D:5      | Entered Level 5 of the Dungeon
  3791 | D:5      | Found a hide-covered altar of Uskayaw.
  3896 | D:5      | Found a staircase to the Ecumenical Temple.
  3907 | D:5      | Noticed Pikel
  3922 | D:5      | Killed Pikel
  3922 | D:5      | Gained mutation: A demonic guardian rushes to your aid. [demonic ancestry]
  3922 | D:5      | Reached XP level 8. HP: 50/65 MP: 6/8
  4087 | D:5      | Found a hide-covered altar of Uskayaw.
  4135 | D:5      | Noticed Grinder
  4143 | D:5      | Killed Grinder
  5165 | D:6      | Gained mutation: When low on magic, you restore magic in place of health. [demonic ancestry]
  5165 | D:6      | Reached XP level 9. HP: 71/74 MP: 9/9
  5327 | D:6      | Reached skill level 1 in Shields
  5461 | D:6      | Noticed a two-headed ogre
  5478 | D:6      | Killed a two-headed ogre
  5607 | D:6      | Found a runed door.
  5992 | D:6      | Found a roughly hewn altar of Beogh.
  6047 | D:7      | Reached skill level 1 in Armour
  6703 | D:7      | Gained mutation: You have sharp fingernails. [demonic ancestry]
  6703 | D:7      | Reached XP level 10. HP: 81/83 MP: 10/10
  6889 | D:7      | Noticed a two-headed ogre
  6897 | D:7      | Killed a two-headed ogre
  6897 | D:7      | Reached skill level 5 in Shields
  7037 | D:7      | Found Gayteem's Magic Scroll Boutique.
  7040 | D:7      | Bought 2 scrolls of acquirement for 1144 gold pieces
  7065 | D:7      | Got a bound bronze ring
  7066 | D:7      | Identified the ring of Zidd {MR+ Str+10 Dex+7 Stlth-} (You acquired it on level 7 of the Dungeon)
  7836 | D:7      | Found Poan's Antique Weapon Emporium.
  7851 | D:7      | Reached skill level 1 in Crossbows
  8069 | D:8      | Reached skill level 2 in Crossbows
  8096 | D:8      | Reached skill level 3 in Crossbows
  8130 | D:8      | Found a staircase to the Lair.
  8142 | D:8      | Reached skill level 4 in Crossbows
  8474 | D:8      | Noticed Grum
  8486 | D:8      | Killed Grum
  8488 | D:8      | Reached skill level 5 in Crossbows
  8920 | D:7      | Bought a glowing hand crossbow for 195 gold pieces
  8949 | D:9      | Noticed a two-headed ogre
  8958 | D:9      | Killed a two-headed ogre
  8958 | D:9      | Reached skill level 6 in Crossbows
  9337 | D:9      | Reached XP level 11. HP: 70/89 MP: 11/11
  9440 | D:9      | Found a shadowy altar of Dithmenos.
  9441 | D:9      | Found a glowing silver altar of Zin.
  9441 | D:9      | Found a hazy altar of Hepliaklqana.
  9447 | D:9      | Noticed a two-headed ogre
  9455 | D:9      | Killed a two-headed ogre
  9455 | D:9      | Reached skill level 7 in Crossbows
  9484 | D:9      | Found a shimmering altar of Xom.
  9490 | D:9      | Found a deep blue altar of Sif Muna.
  9508 | D:9      | Found a stormy altar of Qazlal.
  9511 | D:9      | Found a radiant altar of Vehumet.
  9637 | D:10     | Entered Level 10 of the Dungeon
 10227 | D:10     | Reached skill level 5 in Armour
 10408 | D:10     | Noticed an unseen horror
 10416 | D:10     | Killed an unseen horror
 10554 | D:10     | Noticed Snorg
 10564 | D:10     | Killed Snorg
 10564 | D:10     | Reached skill level 8 in Crossbows
 10731 | D:11     | Noticed an eight-headed hydra
 10740 | D:11     | Killed an eight-headed hydra
 11001 | D:11     | Reached skill level 5 in Dodging
 11057 | D:11     | Noticed a six-headed hydra
 11072 | D:11     | Killed a six-headed hydra
 11631 | D:11     | Reached skill level 9 in Crossbows
 11951 | Lair:1   | Entered Level 1 of the Lair of Beasts
 11999 | Lair:1   | Noticed an eight-headed hydra
 12007 | Lair:1   | Killed an eight-headed hydra
 12275 | Lair:1   | Gained mutation: You are mostly covered in icy blue scales. (AC +3) [demonic ancestry]
 12275 | Lair:1   | Reached XP level 12. HP: 88/95 MP: 12/12
 12446 | Lair:1   | Noticed a seven-headed hydra
 12453 | Lair:1   | Killed a seven-headed hydra
 13068 | Lair:2   | Found a labyrinth entrance.
 13073 | Lair:2   | Found a staircase to the Swamp.
 13078 | Lab      | Entered a labyrinth
 13204 | Lab      | Got a slimy mace
 13281 | Lab      | Noticed a minotaur
 13285 | Lab      | Killed a minotaur
 13287 | Lab      | Identified the Almanac of the Blaze and Self-Knowledge
 13311 | Lab      | Identified the cursed +1 mace "Xyrghint" {protect, *Contam rN+ Str+2} (You found it in a labyrinth)
 13506 | Lair:2   | Noticed Nergalle
 13513 | Lair:2   | Killed Nergalle
 13616 | Lair:2   | Reached skill level 10 in Crossbows
 13642 | Lair:2   | Found a staircase to the Snake Pit.
 14224 | Lair:3   | Got a translucent shield
 14235 | Lair:3   | Identified the +0 shield of the Pleiades {rElec} (You acquired it on level 3 of the Lair of Beasts)
 14330 | Lair:3   | Noticed an eight-headed hydra
 14340 | Lair:3   | Killed an eight-headed hydra
 14729 | Lair:3   | Got a warped granite ring
 14731 | Lair:3   | Identified the ring "Sadias" {Int+3 Dex+5} (You found it on level 3 of the Lair of Beasts)
 15124 | Lair:3   | Reached skill level 10 in Fighting
 15588 | Lair:3   | Noticed Sonja
 15598 | Lair:3   | Killed Sonja
 16571 | Lair:4   | Identified the Incunabulum of Hubris
 16926 | Lair:5   | Reached skill level 11 in Crossbows
 17324 | Lair:5   | Found a staircase to the Slime Pits.
 17324 | Lair:5   | Found a viscous altar of Jiyva.
 17324 | Lair:5   | You fall through a shaft!
 17324 | Lair:6   | Entered Level 6 of the Lair of Beasts
 17339 | Lair:5   | Gained mutation: You have very sharp fingernails. [demonic ancestry]
 17339 | Lair:5   | Reached XP level 13. HP: 103/103 MP: 13/13
 19519 | Lair:6   | Reached skill level 12 in Crossbows
 19544 | Lair:6   | Noticed a dire elephant
 19587 | Lair:6   | Killed a dire elephant
 21294 | D:12     | Found a staircase to the Orcish Mines.
 21507 | Orc:1    | Entered Level 1 of the Orcish Mines
 21627 | Orc:1    | Noticed an ettin
 22004 | Orc:1    | Killed an ettin
 22441 | Orc:1    | Found Usos's Weapon Shoppe.
 22573 | Orc:2    | Entered Level 2 of the Orcish Mines
 22845 | Orc:2    | Found a roughly hewn altar of Beogh.
 22896 | Orc:2    | Found a roughly hewn altar of Beogh.
 23237 | Orc:2    | Found a staircase to the Elven Halls.
 23264 | Orc:2    | Reached XP level 14. HP: 87/113 MP: 14/14
 24101 | Orc:2    | Found a roughly hewn altar of Beogh.
 24105 | Orc:2    | Found Otipn's Weapon Boutique.
 24169 | Orc:2    | Noticed Saint Roka
 24654 | Orc:2    | Killed Saint Roka
 24940 | Orc:2    | Found Ateluts's Antique Armour Shop.
 24943 | Orc:2    | Found a roughly hewn altar of Beogh.
 24943 | Orc:2    | Found Quol's Antique Weapon Boutique.
 25079 | Orc:2    | Found a roughly hewn altar of Beogh.
 25345 | Orc:2    | Found a roughly hewn altar of Beogh.
 25392 | Orc:2    | Found Pyur's Distillery.
 25397 | Orc:2    | Bought a potion of curing for 45 gold pieces
 25397 | Orc:2    | Bought a potion of heal wounds for 75 gold pieces
 25397 | Orc:2    | Bought a potion of curing for 45 gold pieces
 25397 | Orc:2    | Bought 2 potions of curing for 90 gold pieces
 25441 | Orc:2    | Found a roughly hewn altar of Beogh.
 25558 | Orc:2    | Found a roughly hewn altar of Beogh.
 25718 | D:13     | Reached skill level 13 in Crossbows
 26179 | D:13     | Found a gate to the Vaults.
 28653 | D:14     | Reached skill level 14 in Crossbows
 29454 | D:3      | Bought the ring "Sihe" {*Contam rF+++ Str-3 Slay+5 Stlth-} for 5860 gold pieces
 29612 | Swamp:1  | Entered Level 1 of the Swamp
 29800 | Swamp:1  | Noticed Roxanne
 29836 | Swamp:1  | Noticed a thorn hunter
 29855 | Swamp:1  | HP: 5/115 [Roxanne/crystal spear (58)]
 29856 | Swamp:1  | Killed from afar by a thorn hunter

Vault maps used:
D:1:      nagdon_arrival_zigzag_paths
D:2:      lemuel_upstairs_altar, yredelemnul_forgotten_temple_becter, uniq_robin
D:3:      nicolae_gozag_zags_fifth_avenue, kennysheep_generic_room_9
D:4:      cheibrodos_old_hovel, first_ration
D:5:      wad_woods_stonehenge, lemuel_doored_altar, temple_doors_e, uniq_pikel,
          uniq_grinder
D:6:      minmay_holes, lightli_church_of_beogh
D:7:      serial_shops, nicolae_shop_window_shopping,
          nicolae_shop_window_shopping
D:8:      grunt_lair_entry_orc_guard_hut, uniq_grum
D:9:      grunt_temple_overflow_open, blue_anna_alchemist,
          hangedman_abyss_or_decor_passed
D:10:     uniq_snorg
D:11:     minivault_1
D:12:     orc_0_dummy, grunt_decor_resistance
D:13:     david_vaults_2
D:14:     minmay_imperfect_grid
Lair:2:   swamp_mist, minmay_snake_entry_six_corridors, lab_entry_generic,
          portal_ice_cave_demonic_guard, grunt_megastairs_3, uniq_nergalle
Lair:3:   st_stairs_12, uniq_sonja
Lair:4:   infiniplex_staircase_pool_2, serial_bayou_shore_b,
          serial_bayou_shore_b
Lair:5:   slime_altar_1, guppyfry_lair_drakes
Lair:6:   grunt_lair_end_beastmaster
Swamp:1:  hangedman_swamp_ruin_wall, uniq_roxanne
Orc:1:    serial_shops, nicolae_shop_behind_doors
Orc:2:    grunt_orc_community_town_hall, grunt_orc_community_big_house_1,
          grunt_orc_community_big_house_2, grunt_orc_community_house_1,
          grunt_orc_community_house_3, grunt_orc_community_house_3,
          grunt_orc_community_house_3, basic_altar, nicolae_orc_bridge_out
Lab:      labyrinth_hidden_loot, lab_fountain, nicolae_lab_grate_2,
          nicolae_lab_x

Skill      XL: |  1  2  3  4  5  6  7  8  9 10 11 12 13 14 |
---------------+-------------------------------------------+-----
Maces & Flails | 3 4 5 6 7 8 9 |  9.6
Fighting       | 4 5 6 8 9 10 11 12 | 12.0
Shields        | 4 5 |  5.1
Armour         | 2 4 6 7 8 9 |  9.8
Crossbows      | 6 9 11 12 14 | 14.3
Dodging        | 3 5 7 8 9 |  9.5
Stealth        | |  1.7

Action                   |  1- 3 |  4- 6 |  7- 9 | 10-12 | 13-15 || total
-------------------------+-------+-------+-------+-------+-------++-------
Melee: Mace              |   129 |   236 |    20 |       |       ||   385
       Morningstar       |       |       |    27 |       |       ||    27
       Whip              |       |       |   576 |  1247 |  2364 ||  4187
       Hand crossbow     |       |       |       |    12 |       ||    12
 Fire: Triple crossbow   |       |       |       |    73 |     6 ||    79
       Hand crossbow     |       |       |       |    34 |    28 ||    62
Evoke: Wand              |       |       |     4 |     1 |    18 ||    23
  Use: Scroll            |       |     4 |     7 |    20 |    15 ||    46
       Potion            |       |     2 |       |       |     3 ||     5
 Stab: Sleeping          |     5 |     2 |     3 |       |       ||    10
       Distracted        |       |       |     2 |     9 |    28 ||    39
       Petrified         |       |       |       |       |     2 ||     2
       Confused          |       |       |       |       |     4 ||     4
  Eat: Chunk             |     1 |     4 |       |       |       ||     5
       Ration            |       |     1 |     4 |    10 |    13 ||    28
Armor: Robe              |    53 |    56 |    55 |       |       ||   164
       Chain mail        |       |       |    90 |   361 |   526 ||   977
Dodge: Dodged            |   108 |   118 |   160 |   411 |   596 ||  1393
Block: Buckler           |    12 |    76 |   140 |   306 |       ||   534
       Other             |     3 |       |       |    12 |     2 ||    17
       Reflection        |       |     3 |     5 |     5 |    24 ||    37
       Shield            |       |       |       |   185 |  1140 ||  1325

Table legend:
 A = Spawn XP
 B = Non-spawn XP
 C = Spawn XP percentage of total XP
 D = Spawn monster count
 E = Non-spawn monster count
 F = Spawn count percentage of total count
 G = Total turns spent on level
                    A         B        C        D         E        F      G
               +---------+---------+-------+---------+---------+-------+---------
         Total |       0 |  102238 |   0.0 |       0 |     745 |   0.0 | 29856
               +---------+---------+-------+---------+---------+-------+---------
           D:1 |       0 |      34 |   0.0 |       0 |      22 |   0.0 |   872
           D:2 |       0 |     101 |   0.0 |       0 |      31 |   0.0 |   993
           D:3 |       0 |     141 |   0.0 |       0 |      29 |   0.0 |  1057
           D:4 |       0 |     774 |   0.0 |       0 |      19 |   0.0 |   985
           D:5 |       0 |    1453 |   0.0 |       0 |      32 |   0.0 |  1282
           D:6 |       0 |    2067 |   0.0 |       0 |      41 |   0.0 |  1418
           D:7 |       0 |    2295 |   0.0 |       0 |      41 |   0.0 |  1609
           D:8 |       0 |    2425 |   0.0 |       0 |      32 |   0.0 |   934
           D:9 |       0 |    3440 |   0.0 |       0 |      27 |   0.0 |   782
          D:10 |       0 |    3331 |   0.0 |       0 |      26 |   0.0 |  1063
          D:11 |       0 |    4887 |   0.0 |       0 |      35 |   0.0 |  1637
          D:12 |       0 |    5318 |   0.0 |       0 |      45 |   0.0 |  1505
          D:13 |       0 |    9108 |   0.0 |       0 |      42 |   0.0 |  1333
          D:14 |       0 |   15543 |   0.0 |       0 |      47 |   0.0 |  1934
        Lair:1 |       0 |    2229 |   0.0 |       0 |      10 |   0.0 |   775
        Lair:2 |       0 |    4692 |   0.0 |       0 |      31 |   0.0 |  1386
        Lair:3 |       0 |    4974 |   0.0 |       0 |      23 |   0.0 |  1463
        Lair:4 |       0 |    2517 |   0.0 |       0 |      12 |   0.0 |  1186
        Lair:5 |       0 |    5405 |   0.0 |       0 |      27 |   0.0 |  1311
        Lair:6 |       0 |   13639 |   0.0 |       0 |      41 |   0.0 |  2016
       Swamp:1 |       0 |    2365 |   0.0 |       0 |       7 |   0.0 |   244
         Orc:1 |       0 |    1493 |   0.0 |       0 |      18 |   0.0 |  1255
         Orc:2 |       0 |   12727 |   0.0 |       0 |     104 |   0.0 |  2579
           Lab |       0 |    1280 |   0.0 |       0 |       3 |   0.0 |   237
               +---------+---------+-------+---------+---------+-------+---------
